 Dungeon Crawl Stone Soup version 0.29.1-15-g9cfb28693d (console) character file.

Game seed: 7656110850014129580

6 sentinel the Digger (level 2, 20/20 HPs)
             Began as a Meteoran Earth Elementalist on Aug 18, 2023.
             Quit the game on level 1 of the Dungeon.
             The game lasted 00:00:04 (163 turns).

sentinel the Digger (Meteoran Earth Elementalist)    Turns: 163, Time: 00:00:05

Health: 20/20      AC:  2    Str:  9    XL:     2   Next: 11%
Magic:  6/6        EV: 12    Int: 16    God:
Gold:   0          SH:  0    Dex: 14    Spells: 5/6 levels left

rFire   . . .      SeeInvis .   (no weapon)
rCold   . . .      Faith    .   (no shield)
rNeg    . . .      Spirit   .   a - +0 robe
rPois   .          Reflect  .   (no helmet)
rElec   .          Harm     .   (no cloak)
rCorr   .          Rampage  .   (no gloves)
Will    .....                   (no boots)
Stlth   +.........              (no amulet)
HPRegen 0.06/turn               (no ring)
MPRegen 0.10/turn               (no ring)

@: glowing
A: sense surroundings 1, otherworldly, glowing, explore regen
a: no special abilities


You were on level 1 of the Dungeon.
You visited 1 branch of the dungeon, and saw 1 of its levels.

Inventory:

Armour
 a - a +0 robe (worn)
Scrolls
 c - a scroll of teleportation {unknown}
Potions
 b - a potion of magic
 d - a potion of invisibility {unknown}
 e - a potion of attraction {unknown}
 f - a potion of curing {unknown}


   Skills:
 - Level 2.4 Dodging
 - Level 1.4 Stealth
 - Level 2.6 Spellcasting
 - Level 1.2 Transmutations
 + Level 4.2 Earth Magic


You had 5 spell levels left.
You knew the following spells:

 Your Spells              Type           Power      Damage    Failure   Level
a - Sandblast             Erth           30%        2d9       3%          1

Your spell library contained the following spells:

 Spells                   Type           Power      Damage    Failure   Level
 Passwall                 Tmut/Erth      8%         N/A       10%         2
 Stone Arrow              Conj/Erth      16%        3d8       24%         3
 Petrify                  Tmut/Erth      10%        N/A       54%         4


Dungeon Overview and Level Annotations

Branches:
Dungeon (1/15) Zot: 433

Altars:


Innate Abilities, Weirdness & Mutations

You passively map a small area around you.
You are easily found by Zot.
You glow in the dark.
You regain HP and MP as you explore.


Message History

The blast of sand hits the ball python!
You kill the ball python!
You can't see any susceptible monsters within range! (Use Z to cast anyway.) Unknown command.
You can't see any susceptible monsters within range! (Use Z to cast anyway.) Unknown command.
You can't see any susceptible monsters within range! (Use Z to cast anyway.) Unknown command.
You can't see any susceptible monsters within range! (Use Z to cast anyway.) Unknown command.
No target in view!
No target in view!
You can't see any susceptible monsters within range! (Use Z to cast anyway.) Unknown command.
You can't see any susceptible monsters within range! (Use Z to cast anyway.) Unknown command.
You can't see any susceptible monsters within range! (Use Z to cast anyway.) Unknown command.
You can't see any susceptible monsters within range! (Use Z to cast anyway.) Unknown command.
No target in view!
No target in view!
You can't see any susceptible monsters within range! (Use Z to cast anyway.) Unknown command.
You can't see any susceptible monsters within range! (Use Z to cast anyway.) Unknown command.
You can't see any susceptible monsters within range! (Use Z to cast anyway.) Unknown command.
You can't see any susceptible monsters within range! (Use Z to cast anyway.) Unknown command.
Found 5 stones and 12 gold pieces.
Unknown command.
Magic restored.
A goblin comes into view. It is wielding a +0 dagger.
Found a ring mail.
The goblin shouts!
Unknown command.
But you're not safe!
Unknown command.
But you're not safe!
Unknown command.
But you're not safe!
Unknown command.
The blast of sand hits the goblin!
You kill the goblin!
A jackal comes into view. x2
A kobold comes into view. It is wielding a +0 short sword.
The jackal moves out of view.
You can't see any susceptible monsters within range! (Use Z to cast anyway.) Unknown command.
You can't see any susceptible monsters within range! (Use Z to cast anyway.) Unknown command.
You can't see any susceptible monsters within range! (Use Z to cast anyway.) Unknown command.
You can't see any susceptible monsters within range! (Use Z to cast anyway.) Unknown command.
Found a pair of boots.
The jackal barks!
The kobold shouts!
You hear a bark!
The blast of sand hits the jackal.
You kill the jackal!
A rat comes into view.
The blast of sand hits the jackal.
The jackal is almost dead.
Unknown command.
The blast of sand hits the jackal.
You kill the jackal!
Your Earth Magic skill increases to level 4!
You have reached level 2!
Unknown command.
The blast of sand hits the kobold!
You kill the kobold!
Unknown command.
The blast of sand misses the rat.
The rat twitches its whiskers.
You hit the rat but do no damage. The rat bites you but does no damage.
The blast of sand hits the rat!
You kill the rat!
Unknown command.
You are out of magic!
Unknown command.
You are out of magic!
Unknown command.
You are out of magic!
Unknown command.
c - a scroll labelled DUNUAM HALL Unknown command.
Things that are here:
a +0 short sword; a jackal corpse
Things that are here:
a +0 short sword; a jackal corpse You see here a +0 dagger.
You see here 12 gold pieces.
d - a lumpy golden potion Unknown command.
Found 10 gold pieces.
Unknown command.
You see here 10 gold pieces.
e - a sedimented emerald potion Unknown command.
Found a hand axe.
Unknown command.
No target in view!
No target in view!
You can't see any susceptible monsters within range! (Use Z to cast anyway.) Unknown command.
You can't see any susceptible monsters within range! (Use Z to cast anyway.) Unknown command.
You can't see any susceptible monsters within range! (Use Z to cast anyway.) Unknown command.
You can't see any susceptible monsters within range! (Use Z to cast anyway.) Unknown command.
No target in view!
No target in view!
You can't see any susceptible monsters within range! (Use Z to cast anyway.) Unknown command.
You can't see any susceptible monsters within range! (Use Z to cast anyway.) Unknown command.
You can't see any susceptible monsters within range! (Use Z to cast anyway.) Unknown command.
You can't see any susceptible monsters within range! (Use Z to cast anyway.) Unknown command.
No target in view!
No target in view!
You can't see any susceptible monsters within range! (Use Z to cast anyway.) Unknown command.
You can't see any susceptible monsters within range! (Use Z to cast anyway.) Unknown command.
You can't see any susceptible monsters within range! (Use Z to cast anyway.) Unknown command.
You can't see any susceptible monsters within range! (Use Z to cast anyway.) Unknown command.
f - a lumpy red potion Unknown command.
Found a spear.
Unknown command.
Found 2 stones.
Unknown command.
Found 13 gold pieces.
A sourceless malevolence fills the Dungeon... and a teleportation trap spontaneously manifests!
You are yanked towards a nearby monster!
Your surroundings suddenly seem different.
A giant cockroach comes into view.
Found a lumpy red potion and a smoky dark potion.
But you're not safe!
Unknown command.
Unknown command.
Unknown command.
Unknown command.
Unknown command.
Are you sure you want to abandon this character and quit the game? (Confirm with "yes".)

* , #.* , * #.
* #. , , #. ,
, #.### ** * *
#...,
.#####..###.#*
,
.!.....@....#
...###.....##
* , #...#.....
, #.... ###. ,
, ......
.....B.. , , ,
#...#!###
##..#.# *


You could see a giant cockroach (asleep).

Vanquished Creatures
  A goblin (D:1)
  2 jackals (D:1)
  A ball python (D:1)
  A kobold (D:1)
  A rat (D:1)
6 creatures vanquished.

Notes
Turn   | Place    | Note
-------+----------+-------------------------------------------
     0 | D:1      | sentinel the Meteoran Earth Elementalist began the quest
                  | for the Orb.
     0 | D:1      | Reached XP level 1. HP: 14/14 MP: 5/5
    23 | D:1      | Reached skill level 4 in Earth Magic
    23 | D:1      | Reached XP level 2. HP: 20/20 MP: 2/6
   163 | D:1      | Quit the game

Illustrated notes

Levels and vault maps discovered:
D:1:      ebering_trefoil_twist, layout_loops_ring,
          hellmonk_ecumenical_altar_crossroads

Skill      XL: |  1 |
---------------+----+-----
Earth Magic    | 4 |  4.2
Dodging        | |  2.4
Stealth        | |  1.4
Spellcasting   | |  2.6
Transmutations | |  1.2

Action                   || total
-------------------------++-------
Melee: Unarmed           ||     1
 Cast: Sandblast         ||     8
Armor: Robe              ||     1
